 Dungeon Crawl Stone Soup version 0.31.0-32-g396128a36d (webtiles) character file.

Game seed: 6751565534019823204

293 discopopstar the Ruffian (level 6, -1/50 HPs)
             Began as a Draconian Shapeshifter on Apr 4, 2024.
             Was a Believer of Sif Muna.
             Slain by an orc priest
             ... wielding a +0 hand axe
              (4 damage)
             ... on level 4 of the Dungeon.
             The game lasted 00:09:39 (3596 turns).

discopopstar the Ruffian (Draconian Shapeshifter)   Turns: 3596, Time: 00:09:39

Health: -1/50      AC:  6    Str: 19    XL:     6   Next: 11%
Magic:  8/8        EV: 12    Int: 10    God:    Sif Muna [**....]
Gold:   149        SH:  0    Dex: 10    Spells: 8/8 levels left

rFire   . .          .
                       - Unarmed
rCold   . . .        (no shield)
rNeg    . . .        (body armour unavailable)
rPois   +            (helmet currently unavailable)
rElec   .            p - melded +0 cloak
rCorr   .            (gloves currently unavailable)
SInv    .            (boots currently unavailable)
Will    .....        (no amulet)
Stlth   +            g - ring of flight
HPRegen 0.28/turn    i - ring of poison resistance
MPRegen 0.11/turn

%: no passive effects
@: beast-form, flying, studying Ranged Weapons
A: beast (slay +2), AC +6, unfitting armour, cold-blooded
a: Begin Untransformation, Renounce Religion, Channel Magic


You were on level 4 of the Dungeon.
You worshipped Sif Muna.
Sif Muna was pleased with you.
You were a hulking beast.
You visited 1 branch of the dungeon, and saw 4 of its levels.

You collected 149 gold pieces.

Inventory:

Armour
 p - a +0 cloak (melded)
Jewellery
 g - a ring of flight (left hand)
 i - a ring of poison resistance (right hand)
 k - a ring of willpower
 l - a ring of see invisible
Talismans
 b - a beast talisman (active)
 c - a flux talisman
 o - a maw talisman
Scrolls
 h - a scroll of identify {unknown}
 j - 2 scrolls of vulnerability
 m - a scroll of immolation
 n - a scroll of enchant weapon {unknown}
 r - a scroll of brand weapon {unknown}
 s - a scroll of torment {unknown}
Potions
 a - 2 potions of lignification
 d - a potion of mutation {unknown}
 e - 3 potions of heal wounds {unknown}
 f - a potion of enlightenment {unknown}
 q - a potion of brilliance {unknown}


   Skills:
 + Level 2.6 Fighting
 + Level 2.7 Dodging
 + Level 4.2 Unarmed Combat
 + Level 1.7 Spellcasting
 + Level 2.1 Invocations
 + Level 3.8 Shapeshifting


You had 8 spell levels left.
You didn't know any spells.
Your spell library contained the following spells:

 Spells                   Type           Power      Damage    Failure   Level
 Lesser Beckoning         Tloc           0%         N/A       43%         2
 Fugue of the Fallen      Necr           0%         N/A       67%         3
 Gell's Gravitas          Tloc           0%         N/A       67%         3
 Ozocubu's Armour         Ice            0%         N/A       67%         3
 Teleport Other           Tloc           0%         N/A       67%         3
 Manifold Assault         Tloc           0%         N/A       97%         4


Dungeon Overview and Level Annotations

Branches:
Dungeon (4/15)
 Temple: D:4-7

Altars:
Cheibriados
Gozag
Makhleb
Nemelex Xobeh
Ru
Sif Muna

Shops:
D:3 ?


Innate Abilities, Weirdness & Mutations

You are a hulking beast.
Your limbs bulge with bestial killing power. (Slay +2)
Your plain brown scales are hard. (AC +6)
You cannot fit into any form of body armour.
You are cold-blooded and may be slowed by cold attacks.


Message History

The orc is moderately wounded.
You hit the orc.
The orc is severely wounded.
The orc priest miscasts a cantrip.
The orc hits you but does no damage.
An orc comes into view. It is wielding a +0 whip.
The orc shouts!
You hit the orc.
You kill the orc!
Sif Muna accepts your kill.
The orc priest invokes the aid of Beogh against you.
Pain shoots through your body!
The orc priest mumbles some strange prayers to Beogh against you.
Beogh smites you! The orc closely misses you.
You punch the orc!
You kill the orc!
Sif Muna accepts your kill.
The orc priest calls down the wrath of Beogh upon you.
Beogh smites you!
* * * LOW HITPOINT WARNING * * *
Things that are here:
a +0 whip; a +0 chain mail You closely miss the orc priest.
The orc priest invokes the aid of Beogh against you.
Beogh smites you!
* * * LOW HITPOINT WARNING * * *
You completely miss the orc priest.
The orc priest hits you but does no damage.
You hit the orc priest. You tail-slap the orc priest.
The orc priest is moderately wounded.
The orc priest barely misses you.
You hit the orc priest but do no damage.
The orc priest is lightly wounded.
The orc priest closely misses you.
You hit the orc priest.
The orc priest is moderately wounded.
You hit the orc priest but do no damage.
The orc priest is moderately wounded.
The orc priest hits you with a +0 hand axe.
You die...

#.##....# #.##.##.##
####.#.......
#........#.###
#.##.#...#.# # #.#.###.#
#.#.###.# #...†.#.#
.##.#.#.#h# #......[.o#
#.#..#.#.#.#######
######........).....#
####.................#.#
...........#.###.###.#
##...###.##.# #.# #.#
##.....##.##. #.# #.#
#.....)[#<## #.# #.#


You could see an orc priest.

Vanquished Creatures
  An orc priest (D:3)
  A hound (D:4)
  An iron imp (D:3)
  Natasha (twice) (D:3)
  An orc wizard (D:3)
  4 adders
  A dart slug (D:4)
  A ribbon worm (D:2)
  9 orcs
  10 endoplasms
  4 giant cockroaches
  9 goblins
  6 hobgoblins
  4 jackals (D:4)
  4 ball pythons
  3 bats
  4 frilled lizards
  10 kobolds
  7 rats
82 creatures vanquished.

Notes
Turn   | Place    | Note
-------+----------+-------------------------------------------
     0 | D:1      | discopopstar the Draconian Shapeshifter began the quest for
                  | the Orb.
     0 | D:1      | Reached XP level 1. HP: 16/16 MP: 1/1
    40 | D:1      | Found a faded altar of an unknown god.
    55 | D:1      | Prayed at the altar of an unknown god.
    55 | D:1      | Became a worshipper of Sif Muna the Loreminder
    55 | D:1      | Reached * piety under Sif Muna
   100 | D:1      | Reached XP level 2. HP: 23/23 MP: 2/2
   614 | D:1      | Reached XP level 3. HP: 18/28 MP: 3/3
  1460 | D:2      | Reached ** piety under Sif Muna
  1688 | D:2      | Reached skill level 1 in Invocations
  1978 | D:3      | Found a sacrificial altar of Ru.
  2016 | D:3      | Reached XP level 4. HP: 36/36 MP: 5/5
  2036 | D:3      | Reached skill level 1 in Spellcasting
  2187 | D:3      | Found a snail-covered altar of Cheibriados.
  2346 | D:3      | Reached XP level 5. HP: 11/41 MP: 6/6
  2596 | D:3      | Found an opulent altar of Gozag.
  2596 | D:3      | Found a sparkling altar of Nemelex Xobeh.
  2649 | D:3      | Found a burning altar of Makhleb.
  2662 | D:3      | Reached skill level 4 in Unarmed Combat
  2841 | D:3      | Found Zeyqem's Magic Scroll Shop.
  2862 | D:3      | Noticed Natasha
  2867 | D:3      | Killed Natasha
  3246 | D:3      | Noticed Natasha
  3258 | D:3      | Killed Natasha
  3259 | D:3      | Reached XP level 6. HP: 4/50 MP: 8/8
  3591 | D:4      | HP: 2/50 [orc priest/divine providence (9)]
  3596 | D:4      | Slain by an orc priest

Illustrated notes

Levels and vault maps discovered:
D:1:      dpeg_arrival_long_road, layout_basic,
          shapermc_ecumenical_altar_starsandcircs, minmay_tromino_i4
D:2:      layout_basic, serial_bayou_pond_c
D:3:      layout_basic, grunt_temple_overflow_opulence,
          mainiacjoe_overflow_catch_the_wave, demons_altar, serial_shops,
          nicolae_shop_behind_doors, uniq_natasha
D:4:      layout_loops_ring, bloody_trog, ebering_ghost_reflecting_pool,
          nicolae_goblin_pals

Skill      XL: |  1  2  3  4  5 |
---------------+----------------+-----
Dodging        | 2 |  2.7
Invocations    | 1 2 |  2.1
Spellcasting   | 1 |  1.7
Fighting       | 2 |  2.6
Unarmed Combat | 4 |  4.2
Shapeshifting  | |  3.8

Action                     |  1- 3 |  4- 6 || total
---------------------------+-------+-------++-------
  Melee: Unarmed           |    94 |   132 ||   226
         Tailslap          |     2 |    17 ||    19
         Punch             |     1 |     2 ||     3
Ability: Begin Untransform |       |     1 ||     1
    Use: Scroll            |     5 |       ||     5
   Stab: Sleeping          |       |     1 ||     1
 Armour: Skin              |    46 |    88 ||   134
  Dodge: Dodged            |    51 |    86 ||   137
   Form: Beast             |       |     2 ||     2
